 Dungeon Crawl Stone Soup version 0.18.1-48-g4cf74bf (webtiles) character file.

912 Lennu the Ducker (level 7, -1/70 HPs)
             Began as a Troll Berserker on June 26, 2016.
             Was a Believer of Trog.
             Slain by a worker ant (6 damage)
             ... on level 5 of the Dungeon.
             The game lasted 00:52:53 (2166 turns).

Lennu the Ducker (Troll Berserker)                  Turns: 2166, Time: 00:52:54

Health: -1/70      AC:  8    Str: 27    XL:     7   Next: 82%
Magic:  6/6        EV:  9    Int:  3    God:    Trog [**....]
Gold:   172        SH:  0    Dex: 10    Spells: 0 memorised, 6 levels left

rFire  x . .     SeeInvis .     C - +0 great sword
rCold  + + .     Gourm    +     v - ice dragon hide
rNeg   . . .     Faith    .     (shield currently unavailable)
rPois  .         Spirit   .     (helmet restricted)
rElec  .         Dismiss  .     n - +0 cloak
rCorr  .         Reflect  .     (gloves unavailable)
SustAt .         Harm     .     (boots unavailable)
MR     ++...                    (no amulet)
Stlth  +.........               (no ring)
                                e - ring of stealth

@: lethally poisoned (-1 -> -1), regenerating, very resistant to hostile
enchantments, very unstealthy
A: unfitting armour, claws 3, fast metabolism 3, gourmand, regeneration 2,
shaggy fur 1, tough skin 2
a: Berserk, Trog's Hand, Burn Spellbooks, Renounce Religion


You were on level 5 of the Dungeon.
You worshipped Trog.
Trog was pleased with you.
You were very full.

You visited 2 branches of the dungeon, and saw 6 of its levels.

You collected 172 gold pieces.

Inventory:

Hand Weapons
 c - a +0 hunting sling
 h - a +1 dagger of venom
 j - a +2 quarterstaff of chaos
 w - a +2 vampiric whip
 C - a +0 great sword (weapon)
 D - a +0 trident
Missiles
 k - 65 arrows
 p - 39 sling bullets
 y - a throwing net (quivered)
Armour
 n - a +0 cloak (worn)
 s - a +1 ring mail of cold resistance
 v - an ice dragon hide (worn)
 x - a +0 naga barding
Jewellery
 e - a ring of stealth (left claw)
Wands
 o - a wand of polymorph (8/24)
 q - a wand of confusion (21/48)
Scrolls
 d - 5 scrolls of identify
 g - a scroll of immolation {unknown}
 i - a scroll of amnesia {unknown}
 r - 3 scrolls of enchant armour {unknown}
 t - a scroll of enchant weapon {unknown}
Potions
 f - a potion of agility {unknown}
 l - a potion of curing {unknown}
 z - a potion of flight {unknown}
 B - a potion of heal wounds {unknown}
Books
 m - a book of Annihilations

   Spells                             Type                      Level
   a - Poison Arrow                   Conjuration/Poison           6
   b - Chain Lightning                Conjuration/Air              8
   c - Lehudib's Crystal Spear        Conjuration/Earth            8
   d - Glaciate                       Conjuration/Ice              9
   e - Fire Storm                     Conjuration/Fire             9
   Trog disapproves of the use of such an item.
Comestibles
 a - a beef jerky
 b - 3 bread rations
 u - 6 chunks of flesh
 A - 4 fruits


   Skills:
 + Level 4.0 Fighting
 + Level 0.2(0.6) Short Blades
 + Level 1.0 Long Blades
 + Level 0.1(1.0) Maces & Flails
 + Level 1.4 Staves
 + Level 2.7 Throwing
 + Level 2.4 Armour
 + Level 4.6 Dodging
 + Level 1.3 Stealth
 + Level 3.7 Unarmed Combat


You had 6 spell levels left.
You didn't know any spells.

Dungeon Overview and Level Annotations

Branches:
Dungeon (5/15)             Temple (1/1) D:4

Altars:
Dithmenos
Fedhas
Makhleb
Nemelex Xobeh
Ru
Sif Muna
Trog
Xom
Yredelemnul
The Shining One

Portals:
Sewer: D:5


Innate Abilities, Weirdness & Mutations

You are too large for most types of armour.
You have claws for hands.
Your metabolism is lightning-fast.
You like to eat raw meat.
You heal very quickly.
You are covered in fur (AC +1).
You have very tough skin (AC +2).


Message History

* * * LOW HITPOINT WARNING * * *
You are more poisoned.
The worker ant poisons you! The crimson imp closely misses you.
The worker ant barely misses you. The crimson imp completely misses you.
You slash the crimson imp!
You kill the crimson imp!
Trog accepts your kill.
Your Fighting skill increases to level 4!
Your Long Blades skill increases to level 1!
You feel sick. The worker ant bites you.
* * * LOW HITPOINT WARNING * * *
You are lethally poisoned!
The worker ant poisons you! The worker ant misses you.
Your skin crawls.
You feel resistant to hostile enchantments.
You feel slightly less full.
You feel sick. The worker ant closely misses you.
You barely miss the worker ant.
You feel very sick. The worker ant bites you.
You die...

#. <# . .# ..
.#.# #. .(. ..
#.# .# ###(##.#
.#####..(...#
......)@[...#
#.....a†)...#
#...........#
######..)...#
#......#
#......########
#.............#
#####.........#
#.........#


You could see a worker ant.

Vanquished Creatures
  The ghost of lepiPlod666 the Cleaver, an amateur HOSk (D:4)
  2 ogres
  A centaur (D:5)
  A gnoll sergeant (D:5)
  A crimson imp (D:5)
  Crazy Yiuf (D:3)
  2 orc priests (D:3)
  3 orc wizards
  A killer bee zombie (D:5)
  A hound skeleton (D:4)
  5 gnolls (D:5)
  2 river rats (D:5)
  5 adders (D:3)
  An ooze (D:3)
  A dart slug (D:3)
  A giant gecko (D:3)
  9 orcs
  A bat (D:3)
  A giant cockroach (D:4)
  5 goblins
  2 jackals (D:3)
  A ball python (D:3)
  2 kobolds
  6 rats
56 creatures vanquished.

Notes
Turn   | Place    | Note
--------------------------------------------------------------
     0 | D:1      | Lennu the Troll Berserker began the quest for the Orb.
     0 | D:1      | Reached XP level 1. HP: 22/22 MP: 0/0
    38 | D:1      | You fall through a shaft!
   176 | D:3      | Found a bloodstained altar of Trog.
   183 | D:3      | Reached XP level 2. HP: 26/29 MP: 1/1
   216 | D:3      | Reached XP level 3. HP: 27/36 MP: 2/2
   334 | D:3      | Noticed Crazy Yiuf
   340 | D:3      | Killed Crazy Yiuf
   340 | D:3      | Reached XP level 4. HP: 16/45 MP: 3/3
   433 | D:3      | Reached ** piety under Trog
   451 | D:3      | Reached XP level 5. HP: 50/53 MP: 4/4
  1034 | D:4      | Noticed lepiPlod666's ghost (amateur HOSk)
  1079 | D:4      | Killed lepiPlod666's ghost
  1079 | D:4      | Reached skill level 1 in Staves
  1079 | D:4      | Reached skill level 1 in Throwing
  1079 | D:4      | Reached skill level 1 in Stealth
  1079 | D:4      | Reached XP level 6. HP: 40/61 MP: 5/5
  1099 | D:4      | Found a staircase to the Ecumenical Temple.
  1183 | D:4      | Reached skill level 1 in Armour
  1354 | D:4      | Reached XP level 7. HP: 38/67 MP: 6/6
  1614 | Temple   | Entered the Ecumenical Temple
  1836 | D:5      | Entered Level 5 of the Dungeon
  1874 | D:5      | Found a shadowy altar of Dithmenos.
  2009 | D:5      | Found a glowing drain.
  2164 | D:5      | Reached skill level 1 in Long Blades
  2166 | D:5      | Slain by a worker ant

Skill      XL: |  1  2  3  4  5  6  7 |
---------------+----------------------+-----
Dodging        | 3 4 |  4.6
Fighting       | 3 4 |  4.0
Staves         | 1 |  1.4
Throwing       | 1 2 |  2.7
Stealth        | 1 |  1.3
Armour         | 1 2 |  2.4
Long Blades    | 1 |  1.0
Short Blades   | |  0.2
Maces & Flails | |  0.1
Unarmed Combat | |  3.7

Action                   |  1- 3 |  4- 6 |  7- 9 || total
-------------------------+-------+-------+-------++-------
Melee: Dagger            |    29 |       |       ||    29
       Unarmed           |     1 |       |       ||     1
       Flail             |     4 |       |       ||     4
       Quarterstaff      |       |    52 |     6 ||    58
       Great sword       |       |       |    82 ||    82
Throw: Tomahawk          |     3 |    27 |    12 ||    42
       Throwing net      |       |       |     1 ||     1
Invok: Trog's Hand       |       |       |     4 ||     4
       Berserk           |       |       |     1 ||     1
  Use: Scroll            |       |       |     1 ||     1
 Stab: Confused          |       |     1 |       ||     1
       Petrifying        |       |     1 |       ||     1
  Eat: Chunk             |     7 |     6 |     6 ||    19
       Bread ration      |       |     1 |       ||     1
       Meat ration       |       |     1 |       ||     1
       Pizza             |       |       |     1 ||     1
Armor: Animal skin       |     8 |     9 |       ||    17
       Robe              |       |     3 |       ||     3
       Ice dragon hide   |       |     3 |    71 ||    74
       Skin              |       |     1 |       ||     1
Dodge: Dodged            |    22 |    22 |    78 ||   122
